 Dungeon Crawl Stone Soup version 0.22-a0-223-g0f5d773 (webtiles) character file.

102 vishdafish the Slasher (level 4, -1/34 HPs)
             Began as a Demonspawn Gladiator on Feb 18, 2018.
             Slain by a gnoll
             ... wielding a +0 spear
              (5 damage)
             ... on level 2 of the Dungeon.
             The game lasted 00:02:31 (1981 turns).

vishdafish the Slasher (Demonspawn Gladiator)       Turns: 1981, Time: 00:02:32

Health: -1/34      AC:  3    Str: 15    XL:     4   Next: 49%
Magic:  4/4        EV: 13    Int: 10    God:
Gold:   95         SH:  0    Dex: 14    Spells: 3/3 levels left

rFire    + . .     SeeInvis .   a - +0 long sword
rCold    . . .     Gourm    .   (no shield)
rNeg     . . .     Faith    .   b - +0 leather armour
rPois    +         Spirit   .   (helmet restricted)
rElec    .         Reflect  .   (no cloak)
rCorr    .         Harm     .   (no gloves)
MR       .....                  (no boots)
Stlth    +.........             (no amulet)
HPRegen  0.11/turn              o - ring of poison resistance
MPRegen  0.09/turn              (no ring)

@: no status effects
A: antennae 1, fire resistance 1, flame cloud immunity
a: no special abilities


You were on level 2 of the Dungeon.
You were not hungry.

You visited 1 branch of the dungeon, and saw 2 of its levels.

You collected 95 gold pieces.

Inventory:

Hand Weapons
 a - a +0 long sword (weapon)
Armour
 b - a +0 leather armour (worn)
 c - a +0 helmet
Jewellery
 o - a ring of poison resistance (left hand)
Scrolls
 e - 2 scrolls of immolation {unknown}
 g - a scroll of amnesia {unknown}
 h - a scroll of fog {unknown}
 i - 2 scrolls of identify {unknown}
 j - 2 scrolls of blinking {unknown}
 k - a scroll of teleportation {unknown}
Comestibles
 f - 2 rations


   Skills:
 + Level 2.6 Fighting
 * Level 3.8 Long Blades
 + Level 2.4 Throwing
 + Level 3.2 Dodging


You had 3 spell levels left.
You didn't know any spells.

Dungeon Overview and Level Annotations

Branches:
Dungeon (2/15)

Altars:


Innate Abilities, Weirdness & Mutations

You have a pair of small antennae on your head.
Your flesh is heat resistant. (rF+)
You are immune to clouds of flame.


Message History

* * * LOW HITPOINT WARNING * * *
You aren't carrying any items that you can evoke.
The gnoll hits you but does no damage. The gnoll hits you but does no damage.
The gnoll hits you but does no damage.
The gnoll hits you from afar with a spear.
* * * LOW HITPOINT WARNING * * *
Your transformation is almost over.
The gnoll hits you but does no damage. The gnoll hits you but does no damage.
The gnoll hits you but does no damage. The gnoll hits you but does no damage.
The gnoll barely misses you. The gnoll hits you but does no damage.
The gnoll hits you but does no damage. The gnoll hits you but does no damage.
You feel less wooden.
Your +0 leather armour unmelds from your body.
The gnoll hits you from afar with a spear.
You die...

########
###########......#
.(....g)@....###.#
###########(## #.#
### ##.## ##...##
##.....######
#............
#####....>.......
............#####
######.....### #


You could see a gnoll.

Vanquished Creatures
  6 gnolls (D:2)
  2 adders (D:2)
  An ooze (D:2)
  2 bats
  4 giant cockroaches
  A goblin (D:1)
  5 hobgoblins
  A frilled lizard (D:1)
  A kobold (D:1)
  2 rats (D:1)
25 creatures vanquished.

Notes
Turn   | Place    | Note
-------+----------+-------------------------------------------
     0 | D:1      | vishdafish the Demonspawn Gladiator began the quest for the Orb.
     0 | D:1      | Reached XP level 1. HP: 16/16 MP: 1/1
   382 | D:1      | Gained mutation: Your flesh is heat resistant. (rF+) [demonic ancestry]
   382 | D:1      | Reached XP level 2. HP: 21/22 MP: 2/2
   920 | D:2      | Gained mutation: You are immune to clouds of flame. [demonic ancestry]
   920 | D:2      | Reached XP level 3. HP: 10/27 MP: 3/3
   926 | D:2      | HP: 1/27 [gnoll/whip (2)]
  1807 | D:2      | Gained mutation: You have a pair of small antennae on your head. [demonic ancestry]
  1807 | D:2      | Reached XP level 4. HP: 25/34 MP: 4/4
  1981 | D:2      | Slain by a gnoll

Vault maps used:
D:1:      minmay_arrival_four_loops
D:2:      cheibrodos_old_hovel

Skill      XL: |  1  2  3 |
---------------+----------+-----
Long Blades    | 3 |  3.8
Throwing       | 2 |  2.4
Dodging        | 3 |  3.2
Fighting       | |  2.6

Action                   |  1- 3 |  4- 6 || total
-------------------------+-------+-------++-------
Melee: Long sword        |    73 |    26 ||    99
Throw: Throwing net      |     4 |     3 ||     7
  Use: Potion            |     2 |     2 ||     4
 Stab: Held in net/web   |     1 |       ||     1
  Eat: Chunk             |     3 |       ||     3
Armor: Leather armour    |    14 |       ||    14
       Skin              |       |    38 ||    38
Dodge: Dodged            |    56 |     7 ||    63
       Rpst.: Long sword |    22 |     4 ||    26

Table legend:
 A = Spawn XP
 B = Non-spawn XP
 C = Spawn XP percentage of total XP
 D = Spawn monster count
 E = Non-spawn monster count
 F = Spawn count percentage of total count
 G = Total turns spent on level
                    A         B        C        D         E        F      G
               +---------+---------+-------+---------+---------+-------+---------
         Total |       0 |     146 |   0.0 |       0 |      25 |   0.0 |  1981
               +---------+---------+-------+---------+---------+-------+---------
           D:1 |       0 |      16 |   0.0 |       0 |      10 |   0.0 |   986
           D:2 |       0 |     130 |   0.0 |       0 |      15 |   0.0 |   995
               +---------+---------+-------+---------+---------+-------+---------
